AoeStats
← Larkinstreet

Oasis

509518962Analyzed
2v2 RM · 6d ago on Sep 27, 2026· 13m 43s· 4 players
Game mode
Random Map
Map size
Medium (4 player)
Population
200
Speed
Normal
Resources
Standard
Victory
Conquest
Starting age
Dark Age
Ending age
Imperial Age
RankedLock teamsTeams togetherTeam positionsShared explorationLock speedFull tech treeHidden civsTurbo modeCheats
Victory
Defeat
🇦🇺 Saxons · Australia
1044
+16
🇺🇸 Lithuanians · United States
999
+18
🇧🇷 Varangians · Brazil
1040
-17
🇧🇷 Huns · Brazil
1036
-17
toesucker69
9:50 Feudal Age
10:13 Man-at-Arms
10:49 Double-Bit Axe
12:16 Arson
Larkinstreet
6:50 Loom
7:21 Loom
9:28 Feudal Age
10:09 Double-Bit Axe
SENR4
6:22 Loom
10:04 Feudal Age
wagner
0:32 Loom
10:52 Feudal Age
Connection lost

Rejoining the realm…

Still unreachable

The connection could not be restored.

Session expired

The server has moved on; the page needs a fresh start.